 Dungeon Crawl Stone Soup version 0.30-a0-629-gd54f4be4f7 (webtiles) character file.

Game seed: 7227901570617670968

209 bmack86 the Chopper (level 5, -11/47 HPs)
             Began as a Minotaur Fighter on Jan 13, 2023.
             Mangled by an orc warrior
             ... wielding a +2 vampiric war axe
              (14 damage)
             ... on level 3 of the Dungeon.
             The game lasted 00:05:26 (2490 turns).

bmack86 the Chopper (Minotaur Fighter)              Turns: 2490, Time: 00:05:27

Health: -11/47     AC: 13    Str: 23    XL:     5   Next: 55%
Magic:  4/4        EV:  6    Int:  5    God:
Gold:   187        SH:  4    Dex:  9    Spells: 4/4 levels left

rFire   . . .      SeeInvis .    a - +0 war axe
rCold   . . .      Faith    .    c - +0 buckler
rNeg    . . .      Spirit   .    o - +0 plate armour
rPois   .          Reflect  .    (helmet restricted)
rElec   .          Harm     .    l - scarf {shadows}
rCorr   .          Rampage  .    (no gloves)
Will    .....                    b - +0 pair of boots Stlth
                                 (no amulet)
HPRegen 0.27/turn                (no ring)
MPRegen 0.09/turn                (no ring)

@: mighty
A: horns 2, retaliatory headbutt
a: no special abilities


You were on level 3 of the Dungeon.
You visited 1 branch of the dungeon, and saw 4 of its levels.
You also visited: Sewer.

You collected 187 gold pieces.

Inventory:

Hand Weapons
 a - a +0 war axe (weapon)
Missiles
 p - 2 boomerangs (quivered)
Armour
 b - a +0 pair of boots (worn)
 c - a +0 buckler (worn)
 l - a scarf of shadows (worn)
 o - a +0 plate armour (worn)
Scrolls
 e - a scroll of torment {unknown}
 f - a scroll of brand weapon {unknown}
 g - 2 scrolls of teleportation
 h - 2 scrolls of identify {unknown}
 n - a scroll of enchant weapon {unknown}
 r - a scroll of fear {unknown}
Potions
 i - a potion of ambrosia {unknown}
 j - 2 potions of attraction {unknown}
 k - 2 potions of curing {unknown}
 m - a potion of lignification {unknown}
Miscellaneous
 q - a piece from Xom's chessboard (15/15)


   Skills:
 + Level 4.6 Fighting
 * Level 4.6 Axes
 + Level 1.3 Throwing
 + Level 4.6 Armour
 + Level 4.5 Shields


You had 4 spell levels left.
You didn't know any spells.
Your spell library contained the following spells:

 Spells                   Type           Power      Damage    Failure   Level
 Sandblast                Erth           0%         2d4       100%        1
 Passwall                 Tmut/Erth      0%         N/A       100%        2
 Stone Arrow              Conj/Erth      0%         3d7       100%        3
 Petrify                  Tmut/Erth      0%         N/A       100%        4
 Metabolic Englaciation   Hex/Ice        0%         N/A       100%        5
 Statue Form              Tmut/Erth      0%         N/A       100%        6


Dungeon Overview and Level Annotations

Branches:
Dungeon (4/15)              Sewer (visited)
 Temple: D:4-7

Altars:
Okawaru

Shops:
D:1 *


Innate Abilities, Weirdness & Mutations

You have a pair of horns on your head.
You reflexively headbutt those who attack you in melee.


Message History

Reactivating autopickup.
There is a stone staircase leading down here.
You're too confused to move!
The orc warrior hits you with a +2 vampiric war axe!
The orc hits you but does no damage.
You miss the orc warrior. You barely miss the orc.
The orc warrior hits you but does no damage.
The orc hits you with a +0 whip.
You barely miss the orc warrior. You closely miss the orc.
The orc warrior barely misses you. The orc barely misses you.
The orc warrior hits you but does no damage.
The orc completely misses you. The orc attacks as you move away!
The orc barely misses you.
The orc warrior hits you but does no damage.
Things that are here:
a +0 ring mail; a +0 flail The orc warrior hits you with a +2 vampiric war axe!
* * * LOW HITPOINT WARNING * * *
The orc hits you but does no damage. The orc attacks as you move away!
The orc hits you but does no damage.
The orc warrior hits you with a +2 vampiric war axe.
* * * LOW HITPOINT WARNING * * *
You miss the orc warrior. Your headbutt misses the orc warrior.
You barely miss the orc.
The orc warrior hits you but does no damage.
The orc hits you but does no damage.
You barely miss the orc warrior. You closely miss the orc.
You feel less confused.
The orc warrior hits you with a +2 vampiric war axe.
* * * LOW HITPOINT WARNING * * *
The orc closely misses you.
You closely miss the orc warrior. You hit the orc.
You block the orc warrior's attack. The orc hits you with a +0 whip.
* * * LOW HITPOINT WARNING * * *
You feel very mighty all of a sudden.
The orc warrior hits you but does no damage.
The orc hits you but does no damage.
You barely miss the orc warrior. You closely miss the orc.
The orc warrior hits you with a +2 vampiric war axe!
You die...

.##..............................
.####.................<........[.
.# #)###..........##............
.# #.###[......##..#.......###..
.# #...###......................
.## ###..##.#................##..
..# ##.#..#................##.#
..## #...##.......#.......###.#
...######..##..[@o[)[........##.#
.................o)>..#..###....#
####..####.#.......##..#.####...#
# ##.# #.#.#..##..............#
## #.####...#..#####........#.##
.####...........#####.#..###...#
......................#.......##
....#...##.###....##..#........#
............................##.#


You could see an orc warrior and an orc.

Vanquished Creatures
  Pargi (Sewer)
  An iguana (D:3)
  An adder (D:2)
  3 dart slugs
  A worm (D:2)
  5 orcs (D:3)
  7 bats
  3 endoplasms
  5 giant cockroaches
  3 goblins
  7 hobgoblins
  2 jackals (D:2)
  6 quokkas
  A ball python (D:1)
  5 frilled lizards
  5 kobolds
  6 rats
62 creatures vanquished.

Notes
Turn   | Place    | Note
-------+----------+-------------------------------------------
     0 | D:1      | bmack86 the Minotaur Fighter began the quest for the Orb.
     0 | D:1      | Reached XP level 1. HP: 19/19 MP: 0/0
    27 | D:1      | Found Haadghodgh's Assorted Antiques.
    44 | D:1      | Found a faded altar of an unknown god.
    65 | D:1      | Reached XP level 2. HP: 27/27 MP: 1/1
   865 | D:2      | Reached XP level 3. HP: 33/33 MP: 2/2
  1630 | D:3      | Found a glowing drain.
  1655 | D:3      | Reached XP level 4. HP: 40/40 MP: 3/3
  1659 | Sewer    | Entered a sewer
  1719 | Sewer    | Noticed Pargi
  1750 | Sewer    | Killed Pargi
  1751 | Sewer    | Reached skill level 1 in Throwing
  1751 | Sewer    | Reached XP level 5. HP: 10/47 MP: 4/4
  2318 | D:4      | Found an iron altar of Okawaru.
  2318 | D:4      | Noticed an orc warrior
  2490 | D:3      | Mangled by an orc warrior

Illustrated notes

Levels and vault maps discovered:
D:1:      dpeg_arrival_boxes_within_box, layout_basic,
          shapermc_ecumenical_altar_starsandcircs, serial_shops, shop
D:2:      layout_loops_ring
D:3:      layout_rooms, portal_sewer_entry_f
D:4:      layout_cave_pools, okawaru_trees_1, uniq_grinder, uniq_menkaure

Skill      XL: |  1  2  3  4 |
---------------+-------------+-----
Axes           | 3 4 |  4.6
Fighting       | 4 |  4.6
Armour         | 4 |  4.6
Shields        | 4 |  4.5
Throwing       | 1 |  1.3

Action                   |  1- 3 |  4- 6 || total
-------------------------+-------+-------++-------
Melee: War axe           |    97 |    63 ||   160
       Headbutt          |    11 |     5 ||    16
  Use: Scroll            |     1 |       ||     1
       Potion            |       |     2 ||     2
Armor: Scale mail        |    39 |       ||    39
       Plate armour      |    26 |    96 ||   122
Dodge: Dodged            |    42 |    31 ||    73
Block: Buckler           |    20 |    27 ||    47

Table legend: (Time is in decaauts)
 A = Elapsed time spent in this place.
 B = Non-inter-level travel time spent in this place.
 C = Inter-level travel time spent in this place.
 D = Time resting spent in this place.
 E = Time spent auto-exploring this place.
 F = Levels seen in this place.
 G = Mean time per level.
                   A        B        C        D        E       F      G
               +--------+--------+--------+--------+--------+-----+--------+
         Total |   2558 |   2447 |    111 |    260 |   1373 |   5 |  511.6 |
       Dungeon |   2217 |   2106 |    111 |    132 |   1356 |   4 |  554.2 |
         Sewer |    341 |    341 |      0 |    128 |     17 |   1 |  341.0 |
               +--------+--------+--------+--------+--------+-----+--------+

Top non-repeatable levels by time:
     D:1: 822 daAuts
     D:2: 783 daAuts
     D:3: 596 daAuts
   Sewer: 341 daAuts
     D:4: 14 daAuts
